 Dungeon Crawl Stone Soup version 0.21-a0-584-g185da8e (webtiles) character file.

115 mortelune the Skirmisher (level 4, -4/37 HPs)
             Began as a Demonspawn Abyssal Knight on Dec 21, 2017.
             Was a Follower of Lugonu.
             Killed from afar by a white imp (9 damage)
             ... with a puff of frost
             ... summoned by Natasha
             ... on level 2 of the Dungeon.
             The game lasted 00:07:26 (1887 turns).

mortelune the Skirmisher (DsAK)                     Turns: 1887, Time: 00:07:26

Health: -4/37      AC:  8    Str: 13    XL:     4   Next: 68%
Magic:  5/5        EV:  6    Int: 14    God:    Lugonu [*.....]
Gold:   120        SH:  0    Dex: 12    Spells: 3/3 levels left

rFire    + . .     SeeInvis .   a - +1 mace
rCold    x . .     Gourm    +   (no shield)
rNeg     . . .     Faith    .   d - +0 chain mail
rPois    .         Spirit   .   (helmet restricted)
rElec    .         Reflect  .   (no cloak)
rCorr    .         Harm     .   (no gloves)
MR       .....                  (no boots)
Stlth    ..........             n - amulet of the gourmand
HPRegen  0.12/turn              k - ring of fire
MPRegen  0.09/turn              (no ring)

@: slowed, very slow
A: horns 1
a: Depart the Abyss, Renounce Religion


You were on level 2 of the Dungeon.
You worshipped Lugonu.
Lugonu was aware of your devotion.
You were not hungry.

You visited 1 branch of the dungeon, and saw 2 of its levels.
You visited the Abyss 1 time.

You collected 120 gold pieces.

Inventory:

Hand Weapons
 a - a +1 mace (weapon)
Armour
 b - a +0 leather armour
 d - a +0 chain mail (worn)
Jewellery
 k - a ring of fire (left hand)
 n - an amulet of the gourmand (around neck)
Scrolls
 i - a scroll of teleportation {unknown}
 j - a scroll of amnesia {unknown}
 l - a scroll of enchant armour {unknown}
 m - 2 scrolls of identify {unknown}
Potions
 e - a potion of mutation {unknown}
 g - a potion of brilliance {unknown}
 h - a potion of curing
 o - a potion of heal wounds {unknown}
Comestibles
 c - 5 rations
 f - a chunk of flesh


   Skills:
 + Level 3.7 Fighting
 * Level 3.4 Maces & Flails
 + Level 2.7 Armour
 - Level 0.8 Dodging
 - Level 2.4 Invocations


You had 3 spell levels left.
You didn't know any spells.

Dungeon Overview and Level Annotations

Branches:
Dungeon (2/15)

Altars:

Annotations:
D:2 Natasha


Innate Abilities, Weirdness & Mutations

You have a pair of small horns on your head.


Message History

The magic dart hits you! The white imp gestures at you.
The puff of frost hits you!
You feel a terrible chill!
* * * LOW HITPOINT WARNING * * *
The shadow imp barely misses you. Natasha casts a spell at you.
You feel as though you will be slow longer.
It was a potion of curing.
You feel better.
The white imp hits you but does no damage.
The shadow imp hits you but does no damage.
Natasha claws you but does no damage. The white imp gestures at you.
The puff of frost hits you!
You feel a terrible chill!
* * * LOW HITPOINT WARNING * * *
The shadow imp closely misses you.
The white imp hits you but does no damage.
Natasha barely misses you. The white imp gestures at you.
The puff of frost hits you!
You feel a terrible chill!
You die...

#.#.#(#.#..##.............##....#
...<.(....................##.##.#
#.#.#.#.#..##...........#.##.....
......)...#####.#...#.###.......#
#.#.#.#.### #.#...#.# #######..
.........# #.#...#.# ###
#.#.#.#.### #.#...#.# #
...|......# #.##5##.# #
#.#.#.#.#.#####.@.h...#### #
....#####.##......5......# #
.##.# #...#.###...####.# # .##.#
##.###.##...#.##.#### # .##.#
#.## ##.............# # ###.#
##.###.##[..#.##.##.# ###.#
#.#.###...####.##.# ....#
####.............##.### #####
##.#...####.########...#


You could see Natasha, a white imp and a shadow imp.

Vanquished Creatures
  Natasha (twice) (D:2)
  2 adders (D:2)
  A worm (D:2)
  A dart slug (D:1)
  2 leopard geckos
  4 bats
  5 goblins
  7 hobgoblins
  4 jackals (D:1)
  3 kobolds
  A quokka (D:2)
  3 frilled lizards
  4 rats
39 creatures vanquished.

Notes
Turn   | Place    | Note
-------+----------+-------------------------------------------
     0 | Abyss:1  | mortelune the Demonspawn Abyssal Knight began the quest for the Orb.
     0 | Abyss:1  | Reached XP level 1. HP: 18/18 MP: 2/2
     4 | D:1      | Escaped the Abyss
    90 | D:1      | Gained mutation: You have a pair of small horns on your head. [demonic ancestry]
    90 | D:1      | Reached XP level 2. HP: 4/24 MP: 3/3
    93 | D:1      | Reached * piety under Lugonu
   813 | D:2      | Noticed Natasha
   814 | D:2      | Noticed a crimson imp
   833 | D:2      | Killed Natasha
   833 | D:2      | Reached XP level 3. HP: 13/29 MP: 4/4
  1306 | D:2      | Reached XP level 4. HP: 34/35 MP: 5/5
  1606 | D:2      | Noticed Natasha
  1620 | D:2      | Killed Natasha
  1873 | D:2      | Noticed Natasha
  1887 | D:2      | Killed from afar by a white imp

Vault maps used:
D:1:      dpeg_arrival_stonehenge_8_columns
D:2:      st_stairs_10, uniq_natasha

Skill      XL: |  1  2  3 |
---------------+----------+-----
Maces & Flails | 2 3 |  3.4
Armour         | 2 |  2.7
Fighting       | |  3.7
Dodging        | |  0.8
Invocations    | |  2.4

Action                   |  1- 3 |  4- 6 || total
-------------------------+-------+-------++-------
Melee: Mace              |    69 |    51 ||   120
       Headbutt          |     7 |     4 ||    11
Invok: Depart the Abyss  |     1 |       ||     1
  Use: Potion            |       |     1 ||     1
  Eat: Chunk             |     1 |     2 ||     3
Armor: Leather armour    |    13 |       ||    13
       Chain mail        |    34 |    43 ||    77
Dodge: Dodged            |    40 |    22 ||    62

Table legend:
 A = Spawn XP
 B = Non-spawn XP
 C = Spawn XP percentage of total XP
 D = Spawn monster count
 E = Non-spawn monster count
 F = Spawn count percentage of total count
 G = Total turns spent on level
                    A         B        C        D         E        F      G
               +---------+---------+-------+---------+---------+-------+---------
         Total |       0 |     165 |   0.0 |       0 |      39 |   0.0 |  1887
               +---------+---------+-------+---------+---------+-------+---------
           D:1 |       0 |      37 |   0.0 |       0 |      19 |   0.0 |   779
           D:2 |       0 |     128 |   0.0 |       0 |      20 |   0.0 |  1104
               +---------+---------+-------+---------+---------+-------+---------
